Heat vs Punishers
Created - December 30, 2023 at 20:19
Goals
|
| Heat |
1 |
2 |
0 |
3 |
| Punishers |
3 |
1 |
1 |
5 |
|
Shots
|
| Heat |
10 |
19 |
5 |
34 |
| Punishers |
15 |
6 |
7 |
28 |
|
1st period
1. Heat , Eric Karlsson 8 (Erik Brannstrom 20, Taylor Raddysh 4) at 1:19
2. Punishers , Corey Tropp 19 (John Quenneville 25, Oskar Lindblom 21) at 8:06
3. Punishers , Corey Tropp 20 (Oskar Lindblom 22, John Quenneville 26) at 9:55
4. Punishers , Phillip Danault 12 (Kole Lind 10, Noah Juulsen 13) at 12:12
Penalties :
Kevin Roy (Pro) for Slashing (Minor) at 2:27, Peter Cehlarik (Sto) for Hooking (Minor) at 18:11
2nd period
5. Heat , Vitali Kravtsov 5 (Erik Brannstrom 21, Frank Corrado 14) at 1:59
6. Punishers , Kole Lind 5 (Fredrik Claesson 9) at 9:02
7. Heat , Evgeny Svechnikov 14 (Nico Sturm 17) at 17:26
Penalties :
Connor Clifton (Pro) for Interference (Minor) at 2:50, Rasmus Andersson (Sto) for Slashing (Minor) at 6:43, Fredrik Claesson (Pro) for Hooking (Minor) at 15:23, Artem Zub (Pro) for Hooking (Minor) at 19:12
3rd period
8. Punishers , Oskar Lindblom 8 (John Quenneville 27, Tanner Jeannot 6) at 16:39
Penalties :
John Quenneville (Pro) for Tripping (Minor) at 4:55, Vladislav Kamenev (Sto) for Hooking (Minor) at 8:35, John Quenneville (Pro) for Roughing (Minor) at 13:19, Ryan Donato (Sto) for Interference (Minor) at 16:42
Goalie Stats
Joel Hofer (Sto), 9 saves from 10 shots - (0.900), 30:58 minutes
Michael Hutchinson (Sto), 14 saves from 18 shots - (0.778), L, 10-13-4, 29:02 minutes
Cal Petersen (Pro), 31 saves from 34 shots - (0.912), W, 3-9-0, 60:00 minutes
Players Stats for Heat
Player Name G A P +/- PIM S H SB GA TA FO MP PP MP PK MP
------------------------------------------------------------------------------------
Barclay Goodrow 0 0 0 0 0 0 1 1 0 0 0/1 19:32 5:05 4:17
Brandon Hickey 0 0 0 0 0 0 1 2 0 0 0/0 16:25 0:03 3:19
Christian Jaros 0 0 0 -1 0 0 0 1 0 0 0/0 13:36 0:00 2:32
Eric Karlsson 1 0 1 0 0 1 2 0 1 0 1/1 10:26 0:51 1:27
Erik Brannstrom 0 2 2 1 0 2 1 1 0 1 0/0 20:31 7:19 0:21
Evgeny Svechnikov 1 0 1 -1 0 4 0 0 0 0 0/0 18:57 6:14 0:00
Frank Corrado 0 1 1 0 0 3 1 1 0 0 0/0 17:47 4:32 0:42
Jesper Bratt 0 0 0 -1 0 2 1 0 2 0 0/1 18:38 6:18 2:06
Nico Sturm 0 1 1 -2 0 4 2 0 1 0 20/32 21:28 6:14 2:06
Peter Cehlarik 0 0 0 -1 2 3 1 1 0 1 2/4 17:11 0:47 3:05
Petteri Lindbohm 0 0 0 -2 0 1 1 3 0 2 0/0 25:33 4:32 5:15
Rasmus Andersson 0 0 0 -3 2 7 2 1 2 0 0/0 26:27 7:22 3:43
Ryan Donato 0 0 0 0 2 1 1 0 0 0 1/7 14:45 4:49 1:29
Ryan Spooner 0 0 0 0 0 2 2 1 1 0 8/12 15:39 4:49 1:10
Tage Thompson 0 0 0 0 0 2 1 1 0 0 0/1 8:44 0:00 0:00
Taylor Raddysh 0 1 1 0 0 0 0 0 0 0 0/0 8:37 0:35 0:00
Vitali Kravtsov 1 0 1 0 0 1 0 1 0 1 0/0 8:50 0:00 0:06
Vladislav Kamenev 0 0 0 0 2 1 2 1 0 0 3/7 8:54 0:00 0:06
Players Stats for Punishers
Player Name G A P +/- PIM S H SB GA TA FO MP PP MP PK MP
------------------------------------------------------------------------------------
Anton Blidh 0 0 0 -2 0 4 1 0 2 0 0/0 18:20 2:55 2:46
Artem Zub 0 0 0 1 2 1 1 2 0 2 0/0 25:16 4:18 5:51
Austen Brassard 0 0 0 -2 0 1 2 2 0 0 0/0 14:53 3:41 0:00
Ben Betker 0 0 0 1 0 0 0 3 0 0 0/0 18:33 3:38 4:18
Ben Meyers 0 0 0 0 0 0 0 0 0 0 0/0 1:16 0:21 0:00
Carson Meyer 0 0 0 -1 0 0 0 0 0 0 0/0 5:22 0:00 0:00
Connor Clifton 0 0 0 0 2 1 0 1 0 0 0/0 11:31 0:00 2:17
Corey Tropp 2 0 2 3 0 2 2 0 1 0 5/13 24:09 4:15 6:48
Daniel Audette 0 0 0 2 0 3 1 0 0 0 4/7 10:42 0:00 1:17
Fredrik Claesson 0 1 1 1 2 0 1 1 0 1 0/0 17:53 3:31 3:46
Jack Ahcan 0 0 0 0 0 0 0 0 0 0 0/0 5:33 0:00 0:00
Jesse Ylonen 0 0 0 0 0 0 0 0 0 0 0/1 1:28 0:58 0:00
John Hayden 0 0 0 -1 0 0 0 0 0 0 0/1 5:22 0:00 0:00
John Quenneville 0 3 3 3 4 3 1 0 1 0 10/21 23:00 3:17 4:50
Kevin Roy 0 0 0 -2 2 0 3 1 1 0 8/15 17:14 3:41 1:59
Kole Lind 1 1 2 2 0 4 0 0 0 0 1/1 7:43 0:00 0:00
Marcus Karlberg 0 0 0 0 0 0 0 0 0 0 0/0 3:26 0:00 2:52
Nicolas Beaudin 0 0 0 0 0 0 0 0 0 0 0/0 5:56 0:00 0:17
Niko Mikkola 0 0 0 0 0 0 0 0 0 0 0/0 8:55 0:07 0:00
Noah Juulsen 0 1 1 1 0 2 1 2 0 1 0/0 26:43 4:18 7:19
Oskar Lindblom 1 2 3 3 0 6 2 1 0 0 3/6 21:15 4:15 3:16
Phillip Danault 1 0 1 2 0 1 1 0 0 2 0/1 8:08 0:25 0:00
Tanner Jeannot 0 1 1 -1 0 0 0 0 0 1 0/0 5:22 0:00 0:00
3 Stars
1 - Oskar Lindblom (Pro)
2 - Corey Tropp (Pro)
3 - Kole Lind (Pro)
Power Play
Heat - 0 on 6 Attempt(s) - 0.00%
Punishers - 0 on 4 Attempt(s) - 0.00%
Penalty Kill
Heat - 4 on 4 Attempt(s) - 100.00%
- Score 0 goal in Penalty Kill
Punishers - 6 on 6 Attempt(s) - 100.00%
- Score 0 goal in Penalty Kill
Team Stat
Heat - Hits : 19 - Faceoff Wins : 35 - Blocked Shots : 15 - Penalty Minutes : 8
Punishers - Hits : 16 - Faceoff Wins : 31 - Blocked Shots : 13 - Penalty Minutes : 12
Official
Referees : Dean Morton and Conor O'Donnell
Linesman : Steve Miller and Matt MacPherson
Game Notes
Joel Hofer enters game at 9:02 of 2nd period
Finance
Level 1 -- Attendance: 1807 (90.35%) -- Ticket Income $126,490
Level 2 -- Attendance: 958 (95.80%) -- Ticket Income $38,320
Total Attendance: 2765 (92.17%)
Total Ticket Income: $164,810
Other Income: $8,240
Total Income: $173,050
Heat
5 vs 5 Forward
Center Left Wing Right Wing Time % Phy DF OF
1 Nico Sturm Peter Cehlarik Evgeny Svechnikov 40 1 2 2
2 Ryan Spooner Jesper Bratt Barclay Goodrow 30 1 2 2
3 Ryan Donato Eric Karlsson Taylor Raddysh 20 1 2 2
4 Vladislav Kamenev Vitali Kravtsov Tage Thompson 10 1 2 2
5 vs 5 Defense
Defense Defense Time % Phy DF OF
1 Petteri Lindbohm Rasmus Andersson 40 1 2 2
2 Erik Brannstrom Frank Corrado 30 1 2 2
3 Christian Jaros Brandon Hickey 20 1 2 2
4 Petteri Lindbohm Brandon Hickey 10 1 2 2
PowerPlay Forward
Center Left Wing Right Wing Time % Phy DF OF
1 Nico Sturm Jesper Bratt Evgeny Svechnikov 60 1 2 2
2 Ryan Spooner Ryan Donato Barclay Goodrow 40 1 2 2
PowerPlay Defense
Defense Defense Time % Phy DF OF
1 Erik Brannstrom Rasmus Andersson 60 1 2 2
2 Petteri Lindbohm Frank Corrado 40 1 2 2
Penalty Kill 4 Players Forward
Center Wing Time % Phy DF OF
1 Peter Cehlarik Barclay Goodrow 60 1 2 2
2 Nico Sturm Jesper Bratt 40 1 2 2
Penalty Kill 4 Players Defense
Defense Defense Time % Phy DF OF
1 Petteri Lindbohm Rasmus Andersson 60 1 2 2
2 Christian Jaros Brandon Hickey 40 1 2 2
Penalty Kill - 3 Players Forward
Forward Time % Phy DF OF
1 Ryan Spooner 60 1 2 2
2 Barclay Goodrow 40 1 2 2
Penalty Kill - 3 Players Defense
Defense Defense Time % Phy DF OF
1 Petteri Lindbohm Rasmus Andersson 60 1 2 2
2 Christian Jaros Brandon Hickey 40 1 2 2
4 vs 4 Forward
Center Wing Time % Phy DF OF
1 Nico Sturm Jesper Bratt 60 1 2 2
2 Ryan Spooner Evgeny Svechnikov 40 1 2 2
4 vs 4 Defense
Defense Defense Time % Phy DF OF
1 Petteri Lindbohm Rasmus Andersson 60 1 2 2
2 Erik Brannstrom Frank Corrado 40 1 2 2
Last Minutes Offensive
Center Left Wing Right Wing Defense Defense
Nico Sturm Jesper Bratt Evgeny Svechnikov Erik Brannstrom Rasmus Andersson
Last Minutes Defensive
Center Left Wing Right Wing Defense Defense
Nico Sturm Peter Cehlarik Barclay Goodrow Petteri Lindbohm Rasmus Andersson
Goaltenders
Starting : Michael Hutchinson
Backup : Joel Hofer
Extra Forwards
Normal : Jesper Bratt, Peter Cehlarik, Barclay Goodrow - PP : Peter Cehlarik, Eric Karlsson - PK : Peter Cehlarik
Extra Defensemen
Normal : Petteri Lindbohm, Brandon Hickey, Christian Jaros - PP : Frank Corrado - PK : Brandon Hickey, Christian Jaros
Penalty Shots
Jesper Bratt, Evgeny Svechnikov, Peter Cehlarik, Vitali Kravtsov, Ryan Spooner
Custom OT Lines Forwards
Peter Cehlarik, Evgeny Svechnikov, Nico Sturm, Jesper Bratt, Ryan Spooner, Eric Karlsson, Ryan Donato, Taylor Raddysh, Barclay Goodrow, Vitali Kravtsov
Custom OT Lines Defensemen
Rasmus Andersson, Erik Brannstrom, Petteri Lindbohm, Frank Corrado, Brandon Hickey
Scratches
Filip Hallander (Healthy), Dominik Masin (Separated Left Shoulder Injury), Skyler Brind'Amour (Healthy), John Gilmour (Healthy), Darren Raddysh (Healthy)
Tim Berni (Healthy), Ivan Chekhovich (Healthy), Trevor Carrick (Healthy), Radim Zohorna (Healthy), Demetrios Koumontzis (Healthy)
Vitek Vanecek (Healthy), Collin Delia (Healthy)
Punishers
5 vs 5 Forward
Center Left Wing Right Wing Time % Phy DF OF
1 John Quenneville Oskar Lindblom Corey Tropp 40 1 2 2
2 Kevin Roy Anton Blidh Austen Brassard 30 1 2 2
3 Daniel Audette Phillip Danault Kole Lind 20 1 2 2
4 John Hayden Tanner Jeannot Carson Meyer 10 1 2 2
5 vs 5 Defense
Defense Defense Time % Phy DF OF
1 Noah Juulsen Artem Zub 40 1 2 2
2 Ben Betker Fredrik Claesson 30 1 2 2
3 Niko Mikkola Connor Clifton 20 1 2 2
4 Nicolas Beaudin Jack Ahcan 10 1 2 2
PowerPlay Forward
Center Left Wing Right Wing Time % Phy DF OF
1 John Quenneville Oskar Lindblom Corey Tropp 60 1 2 2
2 Kevin Roy Anton Blidh Austen Brassard 40 1 2 2
PowerPlay Defense
Defense Defense Time % Phy DF OF
1 Noah Juulsen Artem Zub 60 1 2 2
2 Ben Betker Fredrik Claesson 40 1 2 2
Penalty Kill 4 Players Forward
Center Wing Time % Phy DF OF
1 Corey Tropp John Quenneville 60 1 2 2
2 Oskar Lindblom Kevin Roy 40 1 2 2
Penalty Kill 4 Players Defense
Defense Defense Time % Phy DF OF
1 Noah Juulsen Artem Zub 60 1 2 2
2 Ben Betker Fredrik Claesson 40 1 2 2
Penalty Kill - 3 Players Forward
Forward Time % Phy DF OF
1 Corey Tropp 60 1 2 2
2 John Quenneville 40 1 2 2
Penalty Kill - 3 Players Defense
Defense Defense Time % Phy DF OF
1 Noah Juulsen Artem Zub 60 1 2 2
2 Ben Betker Fredrik Claesson 40 1 2 2
4 vs 4 Forward
Center Wing Time % Phy DF OF
1 Corey Tropp John Quenneville 60 1 2 2
2 Oskar Lindblom Kevin Roy 40 1 2 2
4 vs 4 Defense
Defense Defense Time % Phy DF OF
1 Noah Juulsen Artem Zub 60 1 2 2
2 Ben Betker Fredrik Claesson 40 1 2 2
Last Minutes Offensive
Center Left Wing Right Wing Defense Defense
John Quenneville Oskar Lindblom Corey Tropp Noah Juulsen Artem Zub
Last Minutes Defensive
Center Left Wing Right Wing Defense Defense
John Quenneville Oskar Lindblom Corey Tropp Noah Juulsen Artem Zub
Goaltenders
Starting : Cal Petersen
Backup : Antoine Bibeau
Extra Forwards
Normal : Jesse Ylonen, Ben Meyers, Marcus Karlberg - PP : Jesse Ylonen, Ben Meyers - PK : Marcus Karlberg
Extra Defensemen
Normal : Niko Mikkola, Connor Clifton, Nicolas Beaudin - PP : Niko Mikkola - PK : Connor Clifton, Nicolas Beaudin
Penalty Shots
Corey Tropp, John Quenneville, Oskar Lindblom, Kevin Roy, Anton Blidh
Custom OT Lines Forwards
Corey Tropp, John Quenneville, Oskar Lindblom, Kevin Roy, Anton Blidh, Phillip Danault, Austen Brassard, Daniel Audette, Kole Lind, Tanner Jeannot
Custom OT Lines Defensemen
Noah Juulsen, Artem Zub, Ben Betker, Fredrik Claesson, Niko Mikkola
Scratches
Jack LaFontaine (Healthy)
% Time on Ice - Heat
Lines # - Real PCT - Wanted PCT - Time Play
Normal Forward
1 - 33% - 40% - 13:23
2 - 25% - 30% - 10:11
3 - 20% - 20% - 7:52
4 - 22% - 10% - 8:44
Normal Defense
1 - 38% - 40% - 15:23
2 - 34% - 30% - 13:31
3 - 23% - 20% - 9:26
4 - 5% - 10% - 1:50
PP Forward
1 - 60% - 60% - 7:05
2 - 40% - 40% - 4:49
PP Defense
1 - 62% - 60% - 7:22
2 - 38% - 40% - 4:32
PK Forward
1 - 74% - 60% - 5:50
2 - 26% - 40% - 2:06
PK Defense
1 - 76% - 60% - 6:03
2 - 24% - 40% - 1:53
PK3 Forward
1 - 0% - 60%
2 - 0% - 40%
PK3 Defense
1 - 0% - 60%
2 - 0% - 40%
44 Forward
1 - 0% - 60%
2 - 0% - 40%
44 Defense
1 - 0% - 60%
2 - 0% - 40%
Last Minute Offensive - 0:00
Last Minute Defensive - 0:00
Total
Forward - 60:00
Defense - 60:00
|
% Time on Ice - Punishers
Lines # - Real PCT - Wanted PCT - Time Play
Normal Forward
1 - 39% - 40% - 15:30
2 - 29% - 30% - 11:35
3 - 19% - 20% - 7:43
4 - 13% - 10% - 5:22
Normal Defense
1 - 38% - 40% - 15:12
2 - 26% - 30% - 10:37
3 - 22% - 20% - 8:48
4 - 14% - 10% - 5:33
PP Forward
1 - 54% - 60% - 4:15
2 - 46% - 40% - 3:41
PP Defense
1 - 56% - 60% - 4:25
2 - 44% - 40% - 3:31
PK Forward
1 - 77% - 60% - 9:09
2 - 23% - 40% - 2:45
PK Defense
1 - 64% - 60% - 7:36
2 - 36% - 40% - 4:18
PK3 Forward
1 - 0% - 60%
2 - 0% - 40%
PK3 Defense
1 - 0% - 60%
2 - 0% - 40%
44 Forward
1 - 0% - 60%
2 - 0% - 40%
44 Defense
1 - 0% - 60%
2 - 0% - 40%
Last Minute Offensive - 0:00
Last Minute Defensive - 0:00
Total
Forward - 60:00
Defense - 60:00
|
Play-by-Play
1st period
0:01 of 1st period - Nico Sturm wins face-off versus John Quenneville in neutral zone.
0:04 of 1st period - Artem Zub is hit by Peter Cehlarik and loses puck.
0:19 of 1st period - Corey Tropp is hit by Rasmus Andersson and loses puck.
0:40 of 1st period - Snap shot by Kole Lind.
0:40 of 1st period - Shot Blocked by Petteri Lindbohm.
0:42 of 1st period - Slapshot by Ben Betker.
0:42 of 1st period - Deflect By Phillip Danault.
0:42 of 1st period - Shot Misses the Net.
0:42 of 1st period - Puck is out of play.
0:43 of 1st period - Kevin Roy wins face-off versus Jesper Bratt in Heat zone.
0:54 of 1st period - Slapshot by Kevin Roy.
0:54 of 1st period - Shot Blocked by Barclay Goodrow.
0:58 of 1st period - Snap shot by Austen Brassard.
0:58 of 1st period - Shot Blocked by Ryan Spooner.
1:19 of 1st period - Wrist shot by Eric Karlsson.
1:19 of 1st period - Goal by Eric Karlsson - Heat : 1 - Punishers : 0.
1:20 of 1st period - John Quenneville wins face-off versus Tage Thompson in neutral zone.
1:23 of 1st period - Wrist shot by Corey Tropp.
1:23 of 1st period - Deflect By John Quenneville.
1:23 of 1st period - Stopped by Michael Hutchinson with a rebound.
1:25 of 1st period - Snap shot by Fredrik Claesson.
1:25 of 1st period - Shot Blocked by Tage Thompson.
2:25 of 1st period - Snap shot by Jesper Bratt.
2:25 of 1st period - Shot Misses the Net.
2:27 of 1st period - Minor Penalty to Kevin Roy for Slashing.
2:28 of 1st period - Corey Tropp wins face-off versus Nico Sturm in Punishers zone.
3:49 of 1st period - Noah Juulsen is hit by Ryan Donato and loses puck.
4:27 of 1st period - Penalty to Kevin Roy is over, Kevin Roy is back on ice.
4:44 of 1st period - Niko Mikkola is hit by Vladislav Kamenev and loses puck.
5:53 of 1st period - Brandon Hickey is hit by Daniel Audette.
6:28 of 1st period - Off-side.
6:29 of 1st period - Oskar Lindblom wins face-off versus Nico Sturm in neutral zone.
6:36 of 1st period - Wrist shot by John Quenneville.
6:36 of 1st period - Deflect By Corey Tropp.
6:36 of 1st period - Shot Misses the Net.
6:36 of 1st period - Puck is out of play.
6:37 of 1st period - Ryan Spooner wins face-off versus John Quenneville in Heat zone.
7:07 of 1st period - Nico Sturm is hit by Noah Juulsen and loses puck.
7:24 of 1st period - Snap shot by Ryan Donato.
7:24 of 1st period - Deflect By Taylor Raddysh.
7:24 of 1st period - Shot Blocked by Austen Brassard.
7:24 of 1st period - Puck is out of play.
7:25 of 1st period - Kevin Roy wins face-off versus Ryan Donato in Punishers zone.
7:42 of 1st period - Wrist shot by Kevin Roy.
7:42 of 1st period - Shot Blocked by Frank Corrado.
7:50 of 1st period - Snap shot by Austen Brassard.
7:50 of 1st period - Stopped by Michael Hutchinson with a rebound.
7:52 of 1st period - Wrist shot by Kevin Roy.
7:52 of 1st period - Shot Misses the Net.
8:02 of 1st period - Snap shot by Anton Blidh.
8:02 of 1st period - Stopped by Michael Hutchinson without a rebound.
8:03 of 1st period - Oskar Lindblom wins face-off versus Nico Sturm in Heat zone.
8:04 of 1st period - Wrist shot by John Quenneville.
8:04 of 1st period - Shot Blocked by Petteri Lindbohm.
8:06 of 1st period - Wrist shot by Corey Tropp.
8:06 of 1st period - Goal by Corey Tropp - Heat : 1 - Punishers : 1.
8:07 of 1st period - Nico Sturm wins face-off versus Corey Tropp in neutral zone.
8:20 of 1st period - Slapshot by Oskar Lindblom.
8:20 of 1st period - Shot Blocked by Peter Cehlarik.
8:40 of 1st period - Off-side.
8:41 of 1st period - Ryan Spooner wins face-off versus John Quenneville in neutral zone.
9:33 of 1st period - Icing by John Quenneville.
9:34 of 1st period - John Quenneville wins face-off versus Nico Sturm in Punishers zone.
9:51 of 1st period - Wrist shot by Oskar Lindblom.
9:51 of 1st period - Stopped by Michael Hutchinson with a rebound.
9:53 of 1st period - Snap shot by Corey Tropp.
9:53 of 1st period - Shot Misses the Net.
9:55 of 1st period - Snap shot by Corey Tropp.
9:55 of 1st period - Goal by Corey Tropp - Heat : 1 - Punishers : 2.
9:56 of 1st period - Nico Sturm wins face-off versus Phillip Danault in neutral zone.
10:01 of 1st period - Snap shot by Nico Sturm.
10:01 of 1st period - Stopped by Cal Petersen without a rebound.
10:02 of 1st period - Daniel Audette wins face-off versus Nico Sturm in Punishers zone.
10:15 of 1st period - Slapshot by Evgeny Svechnikov.
10:15 of 1st period - Shot Misses the Net.
10:17 of 1st period - Wrist shot by Nico Sturm.
10:17 of 1st period - Shot Misses the Net.
10:19 of 1st period - Snap shot by Peter Cehlarik.
10:19 of 1st period - Stopped by Cal Petersen with a rebound.
10:39 of 1st period - Slapshot by Jesper Bratt.
10:39 of 1st period - Deflect By Ryan Spooner.
10:39 of 1st period - Shot Blocked by Artem Zub.
10:39 of 1st period - Puck is out of play.
10:40 of 1st period - Nico Sturm wins face-off versus John Quenneville in Punishers zone.
10:49 of 1st period - Snap shot by Oskar Lindblom.
10:49 of 1st period - Stopped by Michael Hutchinson with a rebound.
11:07 of 1st period - Austen Brassard is hit by Jesper Bratt and loses puck.
11:28 of 1st period - Snap shot by Kole Lind.
11:28 of 1st period - Stopped by Michael Hutchinson without a rebound.
11:29 of 1st period - Daniel Audette wins face-off versus Ryan Donato in Heat zone.
12:00 of 1st period - Wrist shot by Daniel Audette.
12:00 of 1st period - Stopped by Michael Hutchinson with a rebound.
12:10 of 1st period - Wrist shot by Kole Lind.
12:10 of 1st period - Shot Misses the Net.
12:12 of 1st period - Snap shot by Phillip Danault.
12:12 of 1st period - Goal by Phillip Danault - Heat : 1 - Punishers : 3.
12:13 of 1st period - Nico Sturm wins face-off versus John Quenneville in neutral zone.
12:38 of 1st period - Austen Brassard is hit by Frank Corrado and loses puck.
12:45 of 1st period - Snap shot by Ryan Spooner.
12:45 of 1st period - Shot Blocked by Ben Betker.
12:47 of 1st period - Wrist shot by Jesper Bratt.
12:47 of 1st period - Shot Misses the Net.
14:27 of 1st period - Backhand shot by John Quenneville.
14:27 of 1st period - Shot Blocked by Brandon Hickey.
14:29 of 1st period - Snap shot by Corey Tropp.
14:29 of 1st period - Shot Misses the Net.
14:31 of 1st period - Snap shot by Corey Tropp.
14:31 of 1st period - Deflect By John Quenneville.
14:31 of 1st period - Shot Blocked by Brandon Hickey.
14:31 of 1st period - Puck is out of play.
14:32 of 1st period - Vladislav Kamenev wins face-off versus John Quenneville in Heat zone.
14:34 of 1st period - Icing by Erik Brannstrom.
14:35 of 1st period - John Quenneville wins face-off versus Vladislav Kamenev in Heat zone.
14:36 of 1st period - Wrist shot by Oskar Lindblom.
14:36 of 1st period - Stopped by Michael Hutchinson without a rebound.
14:37 of 1st period - John Quenneville wins face-off versus Nico Sturm in Heat zone.
14:54 of 1st period - Slapshot by Evgeny Svechnikov.
14:54 of 1st period - Shot Misses the Net.
15:06 of 1st period - Wrist shot by Ryan Spooner.
15:06 of 1st period - Stopped by Cal Petersen with a rebound.
15:12 of 1st period - Slapshot by Ryan Spooner.
15:12 of 1st period - Shot Misses the Net.
15:14 of 1st period - Wrist shot by Jesper Bratt.
15:14 of 1st period - Shot Misses the Net.
15:24 of 1st period - Slapshot by Rasmus Andersson.
15:24 of 1st period - Shot Misses the Net.
15:51 of 1st period - Snap shot by Kole Lind.
15:51 of 1st period - Stopped by Michael Hutchinson with a rebound.
15:53 of 1st period - Slapshot by Artem Zub.
15:53 of 1st period - Shot Blocked by Petteri Lindbohm.
16:09 of 1st period - Snap shot by Peter Cehlarik.
16:09 of 1st period - Stopped by Cal Petersen with a rebound.
16:11 of 1st period - Slapshot by Petteri Lindbohm.
16:11 of 1st period - Shot Misses the Net.
16:13 of 1st period - Wrist shot by Nico Sturm.
16:13 of 1st period - Shot Misses the Net.
16:15 of 1st period - Wrist shot by Peter Cehlarik.
16:15 of 1st period - Shot Misses the Net.
16:27 of 1st period - Wrist shot by Ryan Spooner.
16:27 of 1st period - Stopped by Cal Petersen without a rebound.
16:28 of 1st period - Kevin Roy wins face-off versus Ryan Spooner in Punishers zone.
16:36 of 1st period - Jesper Bratt is hit by Anton Blidh and loses puck.
17:01 of 1st period - Wrist shot by Evgeny Svechnikov.
17:01 of 1st period - Stopped by Cal Petersen without a rebound.
17:02 of 1st period - John Quenneville wins face-off versus Peter Cehlarik in Punishers zone.
17:11 of 1st period - Snap shot by Peter Cehlarik.
17:11 of 1st period - Stopped by Cal Petersen with a rebound.
17:13 of 1st period - Wrist shot by Nico Sturm.
17:13 of 1st period - Stopped by Cal Petersen with a rebound.
17:15 of 1st period - Slapshot by Nico Sturm.
17:15 of 1st period - Shot Blocked by Artem Zub.
17:17 of 1st period - Slapshot by Frank Corrado.
17:17 of 1st period - Stopped by Cal Petersen with a rebound.
17:19 of 1st period - Slapshot by Erik Brannstrom.
17:19 of 1st period - Shot Misses the Net.
17:22 of 1st period - Icing by Corey Tropp.
17:23 of 1st period - John Quenneville wins face-off versus Ryan Spooner in Punishers zone.
18:00 of 1st period - Slapshot by Oskar Lindblom.
18:00 of 1st period - Stopped by Michael Hutchinson with a rebound.
18:02 of 1st period - Slapshot by Artem Zub.
18:02 of 1st period - Stopped by Michael Hutchinson with a rebound.
18:04 of 1st period - Slapshot by Noah Juulsen.
18:04 of 1st period - Stopped by Michael Hutchinson without a rebound.
18:05 of 1st period - Kevin Roy wins face-off versus Nico Sturm in Heat zone.
18:11 of 1st period - Minor Penalty to Peter Cehlarik for Hooking.
18:12 of 1st period - Kevin Roy wins face-off versus Barclay Goodrow in Heat zone.
19:30 of 1st period - Rasmus Andersson is hit by Austen Brassard and loses puck.
Goals for this period are 1 for Heat vs 3 for Punishers.
Shots for this period are 10 for Heat vs 15 for Punishers.
2nd period
0:01 of 2nd period - John Quenneville wins face-off versus Ryan Donato in neutral zone.
0:11 of 2nd period - Penalty to Peter Cehlarik is over, Peter Cehlarik is back on ice.
0:29 of 2nd period - Petteri Lindbohm is hit by Corey Tropp and loses puck.
0:38 of 2nd period - Slapshot by Oskar Lindblom.
0:38 of 2nd period - Stopped by Michael Hutchinson with a rebound.
0:40 of 2nd period - Snap shot by Noah Juulsen.
0:40 of 2nd period - Stopped by Michael Hutchinson without a rebound.
0:41 of 2nd period - Vladislav Kamenev wins face-off versus Kevin Roy in Heat zone.
0:48 of 2nd period - Wrist shot by Erik Brannstrom.
0:48 of 2nd period - Shot Blocked by Ben Betker.
0:50 of 2nd period - Slapshot by Frank Corrado.
0:50 of 2nd period - Stopped by Cal Petersen without a rebound.
0:51 of 2nd period - Kevin Roy wins face-off versus Vladislav Kamenev in Punishers zone.
1:04 of 2nd period - Snap shot by Frank Corrado.
1:04 of 2nd period - Shot Blocked by Fredrik Claesson.
1:32 of 2nd period - Austen Brassard is hit by Vladislav Kamenev and loses puck.
1:45 of 2nd period - Wrist shot by Erik Brannstrom.
1:45 of 2nd period - Shot Blocked by Ben Betker.
1:59 of 2nd period - Wrist shot by Erik Brannstrom.
1:59 of 2nd period - Deflect By Vitali Kravtsov.
1:59 of 2nd period - Goal by Vitali Kravtsov - Heat : 2 - Punishers : 3.
2:00 of 2nd period - Nico Sturm wins face-off versus Oskar Lindblom in neutral zone.
2:50 of 2nd period - Minor Penalty to Connor Clifton for Interference.
2:51 of 2nd period - Nico Sturm wins face-off versus John Quenneville in Punishers zone.
3:26 of 2nd period - Erik Brannstrom is hit by John Quenneville and loses puck.
4:47 of 2nd period - Erik Brannstrom is hit by Kevin Roy and loses puck.
4:50 of 2nd period - Penalty to Connor Clifton is over, Connor Clifton is back on ice.
5:10 of 2nd period - Slapshot by Vladislav Kamenev.
5:10 of 2nd period - Stopped by Cal Petersen without a rebound.
5:11 of 2nd period - Vladislav Kamenev wins face-off versus Daniel Audette in Punishers zone.
5:12 of 2nd period - Slapshot by Petteri Lindbohm.
5:12 of 2nd period - Stopped by Cal Petersen with a rebound.
5:50 of 2nd period - Nicolas Beaudin is hit by Eric Karlsson and loses puck.
6:21 of 2nd period - Snap shot by Anton Blidh.
6:21 of 2nd period - Deflect By Kevin Roy.
6:21 of 2nd period - Shot Misses the Net.
6:21 of 2nd period - Puck is out of play.
6:22 of 2nd period - Ryan Spooner wins face-off versus Kevin Roy in Heat zone.
6:43 of 2nd period - Minor Penalty to Rasmus Andersson for Slashing.
6:44 of 2nd period - Peter Cehlarik wins face-off versus Oskar Lindblom in Heat zone.
6:44 of 2nd period - Peter Cehlarik is hit by Artem Zub.
7:11 of 2nd period - Anton Blidh is hit by Brandon Hickey and loses puck.
8:43 of 2nd period - Penalty to Rasmus Andersson is over, Rasmus Andersson is back on ice.
8:57 of 2nd period - Christian Jaros is hit by Phillip Danault and loses puck.
9:02 of 2nd period - Snap shot by Kole Lind.
9:02 of 2nd period - Goal by Kole Lind - Heat : 2 - Punishers : 4.
9:02 of 2nd period - Joel Hofer enters game.
9:03 of 2nd period - Daniel Audette wins face-off versus Ryan Donato in neutral zone.
9:08 of 2nd period - Wrist shot by Kole Lind.
9:08 of 2nd period - Stopped by Joel Hofer without a rebound.
9:09 of 2nd period - Kole Lind wins face-off versus Ryan Donato in Heat zone.
9:12 of 2nd period - Snap shot by Kole Lind.
9:12 of 2nd period - Shot Blocked by Erik Brannstrom.
10:14 of 2nd period - Barclay Goodrow is hit by Fredrik Claesson and loses puck.
11:25 of 2nd period - Icing by Austen Brassard.
11:26 of 2nd period - Ryan Spooner wins face-off versus Kevin Roy in Punishers zone.
11:29 of 2nd period - Wrist shot by Ryan Spooner.
11:29 of 2nd period - Shot Blocked by Connor Clifton.
11:31 of 2nd period - Wrist shot by Rasmus Andersson.
11:31 of 2nd period - Stopped by Cal Petersen without a rebound.
11:32 of 2nd period - Nico Sturm wins face-off versus John Quenneville in Punishers zone.
11:46 of 2nd period - Off-side.
11:47 of 2nd period - Kevin Roy wins face-off versus Ryan Spooner in neutral zone.
12:42 of 2nd period - Wrist shot by Daniel Audette.
12:42 of 2nd period - Stopped by Joel Hofer without a rebound.
12:43 of 2nd period - Nico Sturm wins face-off versus Kevin Roy in Heat zone.
13:52 of 2nd period - Nicolas Beaudin is hit by Petteri Lindbohm and loses puck.
14:14 of 2nd period - Off-side.
14:15 of 2nd period - Ryan Spooner wins face-off versus John Quenneville in neutral zone.
14:22 of 2nd period - Snap shot by Jesper Bratt.
14:22 of 2nd period - Stopped by Cal Petersen without a rebound.
14:23 of 2nd period - Nico Sturm wins face-off versus John Quenneville in Punishers zone.
14:54 of 2nd period - Slapshot by Rasmus Andersson.
14:54 of 2nd period - Stopped by Cal Petersen without a rebound.
14:55 of 2nd period - Ryan Spooner wins face-off versus John Quenneville in Punishers zone.
14:58 of 2nd period - Wrist shot by Ryan Spooner.
14:58 of 2nd period - Shot Misses the Net.
15:00 of 2nd period - Slapshot by Frank Corrado.
15:00 of 2nd period - Stopped by Cal Petersen with a rebound.
15:02 of 2nd period - Snap shot by Barclay Goodrow.
15:02 of 2nd period - Shot Blocked by Oskar Lindblom.
15:23 of 2nd period - Minor Penalty to Fredrik Claesson for Hooking.
15:24 of 2nd period - Nico Sturm wins face-off versus Corey Tropp in Punishers zone.
15:24 of 2nd period - Snap shot by Evgeny Svechnikov.
15:24 of 2nd period - Stopped by Cal Petersen without a rebound.
15:25 of 2nd period - Nico Sturm wins face-off versus Corey Tropp in Punishers zone.
15:28 of 2nd period - Slapshot by Rasmus Andersson.
15:28 of 2nd period - Stopped by Cal Petersen without a rebound.
15:29 of 2nd period - Nico Sturm wins face-off versus Corey Tropp in Punishers zone.
15:30 of 2nd period - Slapshot by Rasmus Andersson.
15:30 of 2nd period - Stopped by Cal Petersen with a rebound.
15:32 of 2nd period - Slapshot by Erik Brannstrom.
15:32 of 2nd period - Deflect By Corey Tropp.
15:32 of 2nd period - Stopped by Cal Petersen with a rebound.
15:34 of 2nd period - Slapshot by Jesper Bratt.
15:34 of 2nd period - Stopped by Cal Petersen without a rebound.
15:35 of 2nd period - Nico Sturm wins face-off versus Corey Tropp in Punishers zone.
15:44 of 2nd period - Snap shot by Evgeny Svechnikov.
15:44 of 2nd period - Stopped by Cal Petersen with a rebound.
15:46 of 2nd period - Snap shot by Evgeny Svechnikov.
15:46 of 2nd period - Shot Misses the Net.
15:48 of 2nd period - Backhand shot by Nico Sturm.
15:48 of 2nd period - Stopped by Cal Petersen without a rebound.
15:49 of 2nd period - Corey Tropp wins face-off versus Nico Sturm in Punishers zone.
16:01 of 2nd period - Wrist shot by Evgeny Svechnikov.
16:01 of 2nd period - Shot Blocked by Noah Juulsen.
16:34 of 2nd period - Off-side.
16:35 of 2nd period - Nico Sturm wins face-off versus Corey Tropp in neutral zone.
16:47 of 2nd period - Snap shot by Evgeny Svechnikov.
16:47 of 2nd period - Shot Misses the Net.
17:01 of 2nd period - John Quenneville is hit by Ryan Spooner and loses puck.
17:06 of 2nd period - Snap shot by Ryan Spooner.
17:06 of 2nd period - Deflect By Connor Clifton.
17:06 of 2nd period - Shot Misses the Net.
17:06 of 2nd period - Puck is out of play.
17:07 of 2nd period - Corey Tropp wins face-off versus Nico Sturm in Punishers zone.
17:22 of 2nd period - Slapshot by Rasmus Andersson.
17:22 of 2nd period - Stopped by Cal Petersen without a rebound.
17:23 of 2nd period - Penalty to Fredrik Claesson is over, Fredrik Claesson is back on ice.
17:23 of 2nd period - Nico Sturm wins face-off versus Kevin Roy in Punishers zone.
17:24 of 2nd period - Snap shot by Evgeny Svechnikov.
17:24 of 2nd period - Shot Blocked by Noah Juulsen.
17:26 of 2nd period - Backhand shot by Nico Sturm.
17:26 of 2nd period - Deflect By Evgeny Svechnikov.
17:26 of 2nd period - Goal by Evgeny Svechnikov - Heat : 3 - Punishers : 4.
17:27 of 2nd period - Nico Sturm wins face-off versus Oskar Lindblom in neutral zone.
17:50 of 2nd period - Rasmus Andersson is hit by Oskar Lindblom and loses puck.
18:03 of 2nd period - Icing by Petteri Lindbohm.
18:04 of 2nd period - Kevin Roy wins face-off versus Nico Sturm in Heat zone.
18:05 of 2nd period - Snap shot by Anton Blidh.
18:05 of 2nd period - Stopped by Joel Hofer with a rebound.
18:35 of 2nd period - Wrist shot by Rasmus Andersson.
18:35 of 2nd period - Stopped by Cal Petersen with a rebound.
18:37 of 2nd period - Wrist shot by Nico Sturm.
18:37 of 2nd period - Shot Blocked by Austen Brassard.
19:09 of 2nd period - Snap shot by Evgeny Svechnikov.
19:09 of 2nd period - Deflect By Nico Sturm.
19:09 of 2nd period - Stopped by Cal Petersen without a rebound.
19:10 of 2nd period - Oskar Lindblom wins face-off versus Ryan Spooner in Punishers zone.
19:12 of 2nd period - Minor Penalty to Artem Zub for Hooking.
19:13 of 2nd period - John Quenneville wins face-off versus Ryan Donato in Punishers zone.
19:21 of 2nd period - John Quenneville is hit by Ryan Spooner and loses puck.
19:46 of 2nd period - Connor Clifton is hit by Eric Karlsson and loses puck.
Goals for this period are 2 for Heat vs 1 for Punishers.
Shots for this period are 19 for Heat vs 6 for Punishers.
3rd period
0:01 of 3rd period - Nico Sturm wins face-off versus Corey Tropp in neutral zone.
0:26 of 3rd period - Noah Juulsen is hit by Barclay Goodrow.
0:36 of 3rd period - Slapshot by Rasmus Andersson.
0:36 of 3rd period - Shot Blocked by Kevin Roy.
1:12 of 3rd period - Penalty to Artem Zub is over, Artem Zub is back on ice.
1:27 of 3rd period - Wrist shot by Vitali Kravtsov.
1:27 of 3rd period - Deflect By Tage Thompson.
1:27 of 3rd period - Stopped by Cal Petersen with a rebound.
1:29 of 3rd period - Snap shot by Tage Thompson.
1:29 of 3rd period - Stopped by Cal Petersen with a rebound.
2:04 of 3rd period - Barclay Goodrow is hit by Kevin Roy and loses puck.
2:08 of 3rd period - Icing by Petteri Lindbohm.
2:09 of 3rd period - Ryan Spooner wins face-off versus Kevin Roy in Heat zone.
2:30 of 3rd period - Wrist shot by Anton Blidh.
2:30 of 3rd period - Stopped by Joel Hofer with a rebound.
3:12 of 3rd period - Slapshot by Rasmus Andersson.
3:12 of 3rd period - Deflect By Connor Clifton.
3:12 of 3rd period - Stopped by Cal Petersen with a rebound.
4:08 of 3rd period - Wrist shot by Kevin Roy.
4:08 of 3rd period - Shot Misses the Net.
4:14 of 3rd period - Anton Blidh is hit by Erik Brannstrom and loses puck.
4:23 of 3rd period - Slapshot by Connor Clifton.
4:23 of 3rd period - Stopped by Joel Hofer without a rebound.
4:24 of 3rd period - John Quenneville wins face-off versus Vladislav Kamenev in Heat zone.
4:25 of 3rd period - Snap shot by Oskar Lindblom.
4:25 of 3rd period - Shot Misses the Net.
4:49 of 3rd period - Artem Zub is hit by Tage Thompson and loses puck.
4:55 of 3rd period - Minor Penalty to John Quenneville for Tripping.
4:56 of 3rd period - Nico Sturm wins face-off versus Corey Tropp in Punishers zone.
5:02 of 3rd period - Slapshot by Rasmus Andersson.
5:02 of 3rd period - Deflect By Nico Sturm.
5:02 of 3rd period - Shot Misses the Net.
5:02 of 3rd period - Puck is out of play.
5:03 of 3rd period - Corey Tropp wins face-off versus Nico Sturm in Punishers zone.
5:12 of 3rd period - Noah Juulsen is hit by Rasmus Andersson and loses puck.
5:19 of 3rd period - Wrist shot by Jesper Bratt.
5:19 of 3rd period - Shot Misses the Net.
6:23 of 3rd period - Fredrik Claesson is hit by Nico Sturm and loses puck.
6:55 of 3rd period - Penalty to John Quenneville is over, John Quenneville is back on ice.
7:14 of 3rd period - Slapshot by Artem Zub.
7:14 of 3rd period - Deflect By Anton Blidh.
7:14 of 3rd period - Stopped by Joel Hofer with a rebound.
7:20 of 3rd period - Snap shot by Anton Blidh.
7:20 of 3rd period - Shot Blocked by Christian Jaros.
7:22 of 3rd period - Snap shot by John Quenneville.
7:22 of 3rd period - Stopped by Joel Hofer with a rebound.
7:24 of 3rd period - Slapshot by Noah Juulsen.
7:24 of 3rd period - Shot Blocked by Vladislav Kamenev.
7:26 of 3rd period - Slapshot by Artem Zub.
7:26 of 3rd period - Shot Misses the Net.
7:48 of 3rd period - Wrist shot by Anton Blidh.
7:48 of 3rd period - Shot Misses the Net.
7:50 of 3rd period - Snap shot by Anton Blidh.
7:50 of 3rd period - Shot Misses the Net.
7:52 of 3rd period - Snap shot by Anton Blidh.
7:52 of 3rd period - Shot Misses the Net.
7:54 of 3rd period - Slapshot by Artem Zub.
7:54 of 3rd period - Shot Blocked by Vitali Kravtsov.
7:56 of 3rd period - Snap shot by Daniel Audette.
7:56 of 3rd period - Shot Misses the Net.
7:58 of 3rd period - Slapshot by Artem Zub.
7:58 of 3rd period - Shot Misses the Net.
8:14 of 3rd period - Slapshot by Artem Zub.
8:14 of 3rd period - Deflect By Daniel Audette.
8:14 of 3rd period - Stopped by Joel Hofer with a rebound.
8:18 of 3rd period - Slapshot by John Quenneville.
8:18 of 3rd period - Stopped by Joel Hofer with a rebound.
8:35 of 3rd period - Minor Penalty to Vladislav Kamenev for Hooking.
8:36 of 3rd period - Peter Cehlarik wins face-off versus Jesse Ylonen in Heat zone.
8:46 of 3rd period - Peter Cehlarik is hit by Corey Tropp and loses puck.
9:31 of 3rd period - Off-side.
9:32 of 3rd period - Nico Sturm wins face-off versus Kevin Roy in neutral zone.
9:37 of 3rd period - Jesper Bratt is hit by Kevin Roy and loses puck.
10:35 of 3rd period - Penalty to Vladislav Kamenev is over, Vladislav Kamenev is back on ice.
11:37 of 3rd period - Icing by Eric Karlsson.
11:38 of 3rd period - Ryan Donato wins face-off versus John Hayden in Heat zone.
11:53 of 3rd period - Snap shot by Ryan Donato.
11:53 of 3rd period - Stopped by Cal Petersen with a rebound.
12:08 of 3rd period - Nico Sturm is hit by Oskar Lindblom.
12:12 of 3rd period - Oskar Lindblom is hit by Nico Sturm and loses puck.
12:45 of 3rd period - Slapshot by Erik Brannstrom.
12:45 of 3rd period - Stopped by Cal Petersen without a rebound.
12:46 of 3rd period - Daniel Audette wins face-off versus Vladislav Kamenev in Punishers zone.
13:19 of 3rd period - Minor Penalty to John Quenneville for Roughing.
13:20 of 3rd period - Corey Tropp wins face-off versus Nico Sturm in Punishers zone.
13:32 of 3rd period - Snap shot by Artem Zub.
13:32 of 3rd period - Shot Blocked by Rasmus Andersson.
15:19 of 3rd period - Penalty to John Quenneville is over, John Quenneville is back on ice.
15:47 of 3rd period - Off-side.
15:48 of 3rd period - Ryan Spooner wins face-off versus Daniel Audette in neutral zone.
16:17 of 3rd period - Wrist shot by Taylor Raddysh.
16:17 of 3rd period - Shot Misses the Net.
16:39 of 3rd period - Slapshot by Oskar Lindblom.
16:39 of 3rd period - Goal by Oskar Lindblom - Heat : 3 - Punishers : 5.
16:40 of 3rd period - Eric Karlsson wins face-off versus Daniel Audette in neutral zone.
16:42 of 3rd period - Minor Penalty to Ryan Donato for Interference.
16:43 of 3rd period - John Quenneville wins face-off versus Peter Cehlarik in Heat zone.
18:13 of 3rd period - Ryan Spooner is hit by Austen Brassard and loses puck.
18:42 of 3rd period - Penalty to Ryan Donato is over, Ryan Donato is back on ice.
Goals for this period are 0 for Heat vs 1 for Punishers.
Shots for this period are 5 for Heat vs 7 for Punishers.